 Dungeon Crawl Stone Soup version 0.22.1-2-g9c5b331383 (webtiles) character file.

234 Peloso the Shield-Bearer (level 5, 0/46 HPs)
             Began as a Minotaur Fighter on Nov 24, 2018.
             Slain by a ball python (1 damage)
             ... in a sewer.
             The game lasted 00:05:17 (2095 turns).

Peloso the Shield-Bearer (Minotaur Fighter)         Turns: 2095, Time: 00:05:18

Health: 0/46       AC:  7    Str: 20    XL:     5   Next: 75%
Magic:  4/4        EV:  5    Int:  5    God:
Gold:   176        SH: 11    Dex: 11    Spells: 4/4 levels left

rFire    . . .     SeeInvis .   a - +1 long sword
rCold    . . .     Gourm    .   c - +1 shield
rNeg     . . .     Faith    .   b - +0 scale mail
rPois    .         Spirit   .   (helmet restricted)
rElec    .         Reflect  .   (no cloak)
rCorr    .         Harm     .   (no gloves)
MR       .....                  (no boots)
Stlth    ..........             (no amulet)
HPRegen  0.15/turn              (no ring)
MPRegen  0.09/turn              (no ring)

@: hasted, constricted, very quick
A: retaliatory headbutt, horns 2
a: no special abilities


You were in a sewer.
You were hungry.

You visited 1 branch of the dungeon, and saw 3 of its levels.
You also visited: Sewer.

You collected 176 gold pieces.

Inventory:

Hand Weapons
 a - a +1 long sword (weapon)
Armour
 b - a +0 scale mail (worn)
 c - a +1 shield (worn)
Jewellery
 k - an uncursed ring of protection from fire {unknown}
Wands
 p - a wand of iceblast (5)
Scrolls
 g - a scroll of enchant weapon
 i - a scroll of magic mapping {unknown}
 j - a scroll of fear {unknown}
 l - a scroll of teleportation {unknown}
 m - 2 scrolls of identify
 q - a scroll of blinking {unknown}
Potions
 d - 3 potions of might
 h - a potion of berserk rage {unknown}
 n - a potion of flight {unknown}
 o - a potion of lignification {unknown}
 r - a potion of curing {unknown}
 s - a potion of heal wounds {unknown}
Comestibles
 f - 6 rations


   Skills:
 + Level 4.3 Fighting
 + Level 4.4 Long Blades
 + Level 4.9 Armour
 + Level 1.2 Dodging
 + Level 5.3 Shields


You had 4 spell levels left.
You didn't know any spells.
Your spell library contained the following spells:

 Spells                   Type           Power        Failure   Level  Hunger
 Corona                   Hex            #......      99%         1    ##.....
 Ensorcelled Hibernation  Hex/Ice        #.....       100%        2    ###....
 Confuse                  Hex            #.......     100%        3    ####...
 Dazzling Spray           Conj/Hex       #.....       100%        3    ####...
 Tukima's Dance           Hex            #.......     100%        3    ####...


Dungeon Overview and Level Annotations

Branches:
Dungeon (3/15)

Altars:


Innate Abilities, Weirdness & Mutations

You reflexively headbutt those who attack you in melee.
You have a pair of horns on your head.


Message History

* * * LOW HITPOINT WARNING * * *
You block the bullfrog's attack.
The ball python bites you but does no damage.
The ball python bites you.
* * * LOW HITPOINT WARNING * * *
The ball python constricts you. You block the bullfrog's attack.
The ball python bites you but does no damage.
The bullfrog hits you.
* * * LOW HITPOINT WARNING * * *
The ball python bites you but does no damage.
Okay, then.
You feel yourself speed up. You block the bullfrog's attack.
You block the ball python's attack. The ball python constricts you.
The ball python bites you.
* * * LOW HITPOINT WARNING * * *
You block the bullfrog's attack.
The ball python bites you but does no damage.
The bullfrog hits you but does no damage.
The ball python bites you but does no damage.
You die...

#..≈.≈.##..#
#..≈..
#≈≈≈≈≈≈#####
#≈≈≈†≈
#≈≈≈≈≈≈#
#≈≈≈≈≈
#≈≈≈≈≈≈#
#≈≈≈≈≈
#≈≈≈≈≈≈#
#≈≈≈≈≈
#≈≈≈≈≈≈#
#††≈≈≈
#≈≈≈≈≈≈#
#≈.≈.≈
#≈≈≈≈≈≈#
#≈≈(.≈
#S@F≈≈≈#
##≈≈.≈
#FSS≈≈≈#
#≈≈≈≈≈
#≈l≈≈≈≈#
#≈≈≈≈≈
#≈≈≈≈≈≈#
#≈≈≈≈≈
#≈≈≈≈≈≈#
#≈≈≈≈≈
#≈≈≈≈≈≈#
#≈≈≈≈≈
#≈≈≈≈≈≈#
#≈≈≈≈≈
#≈≈≈#≈≈#
#≈≈≈≈≈
#.≈≈≈≈.#
##≈.≈≈


You could see 2 bullfrogs, 3 ball pythons and a frilled lizard.

Vanquished Creatures
  A worker ant (D:3)
  5 river rats (Sewer)
  6 adders
  An ooze (D:1)
  2 worms
  5 dart slugs
  5 leopard geckos (D:3)
  2 giant cockroaches (D:3)
  4 goblins
  9 hobgoblins
  6 jackals
  6 kobolds
  10 ball pythons
  3 bats
  7 frilled lizards
  28 rats
100 creatures vanquished.

Notes
Turn   | Place    | Note
-------+----------+-------------------------------------------
     0 | D:1      | Peloso the Minotaur Fighter began the quest for the Orb.
     0 | D:1      | Reached XP level 1. HP: 19/19 MP: 0/0
   141 | D:1      | Reached XP level 2. HP: 17/27 MP: 1/1
   254 | D:1      | Reached skill level 4 in Shields
   339 | D:1      | Reached XP level 3. HP: 28/33 MP: 2/2
  1326 | D:2      | Reached XP level 4. HP: 34/40 MP: 3/3
  1654 | D:3      | Found a glowing drain.
  1676 | Sewer    | Entered a sewer
  1697 | Sewer    | Reached XP level 5. HP: 32/46 MP: 4/4
  1703 | Sewer    | Reached skill level 5 in Shields
  1863 | Sewer    | Reached skill level 1 in Dodging
  2094 | Sewer    | HP: 2/46 [bullfrog (2)]
  2095 | Sewer    | Slain by a ball python

Skill      XL: |  1  2  3  4  5 |
---------------+----------------+-----
Armour         | 4 |  4.9
Shields        | 4 5 |  5.3
Long Blades    | 3 4 |  4.4
Fighting       | 4 |  4.3
Dodging        | 1 |  1.2

Action                   |  1- 3 |  4- 6 || total
-------------------------+-------+-------++-------
Melee: Long sword        |   111 |   140 ||   251
       Headbutt          |    15 |    25 ||    40
  Use: Scroll            |       |     6 ||     6
       Potion            |       |     1 ||     1
  Eat: Chunk             |     1 |     3 ||     4
Armor: Scale mail        |    64 |    96 ||   160
Dodge: Dodged            |    54 |    62 ||   116
Block: Shield            |    78 |   124 ||   202
       Rpst.: Long sword |    12 |    14 ||    26
